Map: Base du roi Sejong EC

Players

zidar - Winner!

  • Race: Zerg Zerg
  • League: Gold
  • Spawn Location: 11:00

TadsJ

  • Race: Protoss Protoss
  • League: Gold
  • Spawn Location: 5:00

VOD

Have the link to the VOD?

Description

Time

  • Played on: June 2, 2016, 9:55 a.m.
  • Length: 13:53
Show
View Real Time Build Order
Export as new Build Order

zidar Zerg - Winner!

Build Orders: Pool First 

Get SALT Encoding   

  12  0:01  Drone  
  13  0:12  Overlord  
  13  0:17  Drone  
  14  0:23  Extractor, Drone  
  15  0:30  Drone  
  15  0:34  Drone  
  17  0:48  Spawning Pool  
  16  0:50  Drone  
  17  1:31  Extractor  
  16  1:41  Zergling x2  
  16  1:42  Zergling x4  
  16  1:46  Queen  
  21  1:54  Drone  
  22  2:21  Hatchery  
  21  2:28  Overlord  
  21  2:30  Drone  
  21  2:34  Extractor  
  21  2:35  Drone  
  22  2:46  Queen  
  22  2:48  Hatchery  
  23  2:58  Roach Warren  
  22  3:14  Metabolic Boost  
  22  3:22  Lair  
  22  3:29  Zergling x2  
  22  3:30  Zergling x2  
  24  3:39  Drone  
  24  3:41  Drone  
  25  4:12  Queen  
  27  4:17  Drone x4  
  31  4:34  Glial Reconstitution  
  31  4:41  Hydralisk Den  
  31  4:45  Drone x2  
  32  5:02  Drone x4  
  36  5:09  Pneumatized Carapace  
  36  5:14  Hydralisk  
  36  5:18  Overseer  
  38  5:33  Drone x4  
  42  5:38  Overlord x2  
  42  5:48  Overlord x2  
  42  6:03  Drone  
  42  6:04  Drone x6  
  49  6:25  Evolution Chamber  
  49  6:28  Evolution Chamber  
  47  6:33  Hydralisk x5  
  57  6:40  Drone x2  
  57  6:41  Drone x3  
  62  7:06  Muscular Augments  
  62  7:12  Extractor  
  62  7:13  Drone x7  
  62  7:14  Extractor  
  67  7:17  Hydralisk x3  
  73  7:45  Zerg Ground Armor Level 1  
  73  7:46  Zerg Missile Weapons Level 1  
  73  7:54  Extractor  
  73  7:56  Extractor  
  71  8:00  Drone x3  
  74  8:11  Overlord  
  74  8:12  Overlord x4  
  74  8:43  Infestation Pit  
  74  8:45  Hatchery  
  74  8:47  Lurker Den  
  72  8:53  Zergling x4  
  72  8:54  Zergling x26  
  87  9:02  Roach x2  
  99  9:03  Roach x11  
  99  9:07  Overlord  
  99  9:08  Overlord x3  
  113  9:29  Drone x2  
  111  9:53  Hydralisk x11  
  133  10:24  Zerg Ground Armor Level 2  
  133  10:25  Zerg Missile Weapons Level 2  
  133  10:53  Overlord x2  
  133  10:54  Overlord  
  133  10:56  Hydralisk x2  
  133  10:57  Hydralisk x7  
  133  11:04  Hatchery  
  150  11:20  Roach x8  
  150  11:21  Hydralisk  
  168  11:29  Hive  
  79  12:42  Hydralisk x9  
  79  12:43  Hydralisk x10  
  111  13:01  Drone x6  
Show
View Real Time Build Order
Export as new Build Order

TadsJ Protoss 

Build Orders:  

Get SALT Encoding   

  12  0:03  Probe (Chrono Boost)  
  13  0:13  Probe (Chrono Boost)  
  14  0:21  Pylon  
  14  0:24  Probe (Chrono Boost)  
  15  0:40  Probe (Chrono Boost), Gateway  
  16  0:50  Probe (Chrono Boost)  
  16  0:51  Assimilator  
  17  1:02  Pylon  
  18  1:04  Probe (Chrono Boost)  
  18  1:15  Probe (Chrono Boost)  
  19  1:31  Pylon  
  19  1:35  Probe (Chrono Boost)  
  19  1:45  Nexus  
  19  1:48  Probe (Chrono Boost)  
  20  1:59  Probe (Chrono Boost)  
  21  2:08  Zealot (Chrono Boost)  
  21  2:10  Cybernetics Core  
  23  2:17  Probe, Assimilator  
  24  2:25  Pylon  
  24  2:29  Probe  
  25  2:43  Probe  
  25  2:44  Zealot (Chrono Boost)  
  28  2:47  Pylon  
  28  2:52  Pylon  
  28  2:54  Warp Gate (Chrono Boost)  
  28  3:02  Mothership Core  
  30  3:09  Probe  
  30  3:10  Adept (Chrono Boost)  
  33  3:21  Probe  
  33  3:24  Twilight Council  
  34  3:29  Probe  
  34  3:34  Probe  
  36  3:41  Gateway  
  36  3:44  Pylon  
  36  3:51  Probe  
  36  3:53  Probe  
  38  4:02  Probe  
  38  4:06  Gateway  
  38  4:09  Probe, Pylon  
  40  4:15  Adept (Chrono Boost)  
  42  4:23  Probe, Blink  
  43  4:24  Probe  
  44  4:35  Probe (Chrono Boost)  
  44  4:37  Robotics Facility, Probe (Chrono Boost)  
  46  4:48  Probe (Chrono Boost)  
  46  4:49  Probe (Chrono Boost)  
  48  4:58  Probe (Chrono Boost)  
  48  4:59  Probe (Chrono Boost)  
  50  5:01  Adept x3  
  56  5:09  Probe (Chrono Boost), Assimilator  
  56  5:10  Probe (Chrono Boost), Assimilator  
  56  5:13  Pylon  
  58  5:17  Pylon  
  58  5:19  Probe (Chrono Boost)  
  58  5:20  Probe (Chrono Boost)  
  60  5:22  Sentry  
  60  5:24  Sentry  
  60  5:26  Stalker  
  66  5:30  Probe (Chrono Boost)  
  66  5:32  Observer  
  66  5:34  Probe (Chrono Boost)  
  71  5:50  Probe x2 (Chrono Boost)  
  71  5:54  Observer  
  71  5:55  Nexus  
  72  5:57  Pylon  
  72  6:14  Probe x2 (Chrono Boost)  
  72  6:17  Stalker x3  
  80  6:27  Probe (Chrono Boost)  
  80  6:28  Probe (Chrono Boost)  
  82  6:37  Immortal  
  82  6:38  Probe x2 (Chrono Boost)  
  88  6:45  Gateway  
  88  6:48  Gateway, Probe (Chrono Boost)  
  88  6:49  Probe (Chrono Boost)  
  88  6:50  Gateway, Pylon  
  88  6:51  Forge  
  88  6:52  Assimilator  
  90  6:57  Assimilator  
  90  6:59  Probe x2 (Chrono Boost)  
  92  7:04  Forge  
  92  7:09  Probe (Chrono Boost)  
  92  7:10  Probe (Chrono Boost)  
  92  7:11  Pylon  
  92  7:13  Charge, Pylon  
  94  7:21  Pylon  
  96  7:23  Probe x2 (Chrono Boost)  
  96  7:24  Probe (Chrono Boost)  
  97  7:42  Probe x2 (Chrono Boost)  
  97  7:43  Probe (Chrono Boost)  
  100  7:52  Protoss Ground Weapons Level 1 (Chrono Boost), Protoss Ground Armor Level 1 (Chrono Boost)  
  100  8:01  Robotics Facility  
  100  8:03  Robotics Bay  
  100  8:05  Stargate  
  100  8:09  Stargate  
  100  8:16  Immortal  
  100  8:17  Stalker  
  100  8:18  Stalker x2  
  110  8:22  Probe  
  110  8:23  Probe x2  
  113  8:34  Gateway  
  113  8:35  Probe, Gateway  
  113  8:36  Probe x2  
  113  8:38  Gateway  
  113  8:40  Gateway  
  116  8:43  Gateway  
  116  8:53  Probe  
  116  8:54  Probe x2  
  119  9:05  Disruptor x2  
  125  9:10  Nexus, Phoenix x2  
  125  9:13  Pylon  
  125  9:15  Stalker x4  
  125  9:16  Pylon, Stalker  
  139  9:29  Probe  
  139  9:30  Probe x2  
  142  9:36  Stalker  
  135  10:06  Disruptor x2  
  141  10:09  Phoenix x2  
  144  10:23  Protoss Ground Weapons Level 2 (Chrono Boost), Protoss Ground Armor Level 2 (Chrono Boost)  
  144  10:42  Warp Prism  
  146  10:53  Assimilator  
  146  10:57  Assimilator  
  146  10:59  Pylon  
  146  11:02  Pylon  
  146  11:03  Probe x2  
  146  11:04  Probe x2  
  146  11:08  Stalker x3  
  146  11:09  Stalker  
  158  11:31  Photon Cannon  
  158  11:34  Photon Cannon  
  158  11:36  Photon Cannon  
  158  11:37  Templar Archives  
  158  11:38  Photon Cannon  
  158  11:41  Photon Cannon  
  158  11:42  Photon Cannon  
  158  11:45  Photon Cannon  
  158  11:46  Photon Cannon  
  158  11:48  Stalker x2  
  158  11:49  Adept x6  
  158  11:50  Adept x3  
  113  12:17  Stalker x3  
  113  12:18  Stalker x5  
  113  12:19  Stalker x2  
  113  12:20  Stalker  
  104  12:31  Colossus x2 (Chrono Boost)  
  96  12:46  Stalker x4  
  96  12:47  Stalker x5  
  96  12:48  Stalker x2  
  102  13:25  Adept, Stalker x4  
  102  13:26  Adept x3  
Tags
 
Add a new tag
Caveats
  • Supply blocks, unpowered buildings, or Contaminate may cause inaccurate times.
  • Supply counts are checked every 10 seconds.